 Dungeon Crawl Stone Soup version 0.29.1-15-g9cfb28693d (webtiles) character file.

Game seed: 14758960355862195566

31 leafyfresh the Sneak (level 3, 0/24 (26) HPs)
             Began as an Octopode Delver on Mar 5, 2023.
             Slain by a necrophage (1 damage)
             ... on level 5 of the Dungeon.
             The game lasted 00:00:13 (339 turns).

leafyfresh the Sneak (Octopode Delver)               Turns: 339, Time: 00:00:13

HP:   0/24 (26)     AC:  1    Str: 11    XL:     3   Next: 22%
MP:   3/3           EV: 13    Int: 14    God:
Gold: 13            SH:  0    Dex: 13    Spells: 2/2 levels left

rFire   . . .      SeeInvis .   a - +0 short sword
rCold   . . .      Faith    .   (no shield)
rNeg    . . .      Spirit   .   (helmet restricted)
rPois   .          Reflect  .   (no amulet)
rElec   .          Harm     .   (no ring)
rCorr   .          Rampage  .   (no ring)
Will    .....                   (no ring)
Stlth   ++++......              (no ring)
HPRegen 0.08/turn               (no ring)
MPRegen 0.08/turn               (no ring)
                                (no ring)
                                (no ring)

@: drained
A: almost no armour, amphibious, 8 rings, camouflage 1, gelatinous body 1,
(nimble swimmer 1), tentacles
a: no special abilities


You were on level 5 of the Dungeon.
You visited 1 branch of the dungeon, and saw 1 of its levels.

You collected 13 gold pieces.

Inventory:

Hand Weapons
 a - a +0 short sword (weapon)
Wands
 f - a wand of digging (3)
Scrolls
 b - a scroll of fog
 c - a scroll of magic mapping
 d - a scroll of fear
Potions
 e - a potion of haste


   Skills:
 + Level 3.4 Fighting
 - Level 2.0 Short Blades
 + Level 2.6 Dodging
 + Level 7.1 Stealth


You had 2 spell levels left.
You didn't know any spells.
Your spell library was empty.

Dungeon Overview and Level Annotations

Branches:
Dungeon (5/15)
 Temple: D:4-7

Altars:


Innate Abilities, Weirdness & Mutations

You cannot wear most types of armour.
You are amphibious.
You can wear up to eight rings at the same time.
Your skin changes colour to match your surroundings (Stealth+).
Your rubbery body absorbs attacks. (AC +1, EV +1)
((You are camouflaged when in or above water. (Stealth+)))
You have tentacles for arms and can constrict up to eight enemies at once.


Message History

The necrophage hits you but does no damage.
You hit the necrophage. Your grab misses the necrophage.
The necrophage is lightly damaged.
The necrophage hits you.
You closely miss the necrophage. Your grab misses the necrophage.
The necrophage is lightly damaged.
The necrophage hits you.
You hit the necrophage but do no damage.
Your grab misses the necrophage. You squeeze the necrophage.
The necrophage is moderately damaged.
The necrophage closely misses you.
Unknown command.
You barely miss the necrophage. You grab the necrophage.
The necrophage is moderately damaged.
You constrict the necrophage. The necrophage closely misses you.
You hit the necrophage but do no damage.
The necrophage is moderately damaged.
You constrict the necrophage, but do no damage.
The necrophage hits you but does no damage.
You barely miss the necrophage.
The necrophage is moderately damaged.
You constrict the necrophage. The necrophage hits you.
You hit the necrophage.
The necrophage is moderately damaged.
You constrict the necrophage, but do no damage.
The necrophage closely misses you.
You hit the necrophage.
The necrophage is heavily damaged.
You constrict the necrophage. The necrophage hits you.
You feel drained.
You barely miss the necrophage.
You squeeze the necrophage, but do no damage.
The necrophage is heavily damaged.
You constrict the necrophage. The necrophage hits you.
* * * LOW HITPOINT WARNING * * *
You hit the necrophage.
The necrophage is severely damaged.
You constrict the necrophage. The necrophage hits you.
* * * LOW HITPOINT WARNING * * *
You feel drained.
You die...

#.#
#.#
#.#
#.#
#.#
#.#
#n#
#@##
#..#
##.#
#.#
#.#
#..#
#.#
#..#
#.#
#..#
#.#
#..#
#.#


You could see a necrophage.

Vanquished Creatures
  A hound (D:5)
1 creature vanquished.

Notes
Turn   | Place    | Note
-------+----------+-------------------------------------------
     0 | D:5      | leafyfresh the Octopode Delver began the quest for the Orb.
     0 | D:5      | Reached XP level 1. HP: 16/16 MP: 1/1
     7 | D:5      | Noticed a hound
    20 | D:5      | Killed a hound
    21 | D:5      | Reached skill level 7 in Stealth
    21 | D:5      | Reached XP level 2. HP: 2/21 MP: 2/2
    21 | D:5      | Reached XP level 3. HP: 3/26 MP: 3/3
   323 | D:5      | Noticed a necrophage
   339 | D:5      | HP: 1/25 [necrophage (3)]
   339 | D:5      | Slain by a necrophage

Illustrated notes

Levels and vault maps discovered:
D:5:      layout_loops_ring, nicolae_underground_beach, uniq_edmund

Skill      XL: |  1 |
---------------+----+-----
Stealth        | 7 |  7.1
Fighting       | |  3.4
Short Blades   | |  2.0
Dodging        | |  2.6

Action                   || total
-------------------------++-------
Melee: Short sword       ||    17
       Tentacles         ||     3
       Constrict         ||     2
Armor: Skin              ||     2
Dodge: Dodged            ||     7
